[Event "Titled Tuesday Blitz March 15 Early 2022"]
[White "Nagy, Gabor"]
[Black "Indjic, Aleksandar"]
[WhiteFideId "737119"]
[BlackFideId "911925"]
[WhiteElo "2534"]
[BlackElo "2616"]
[Result "1/2-1/2"]
[Round "06"]
[TimeControl "180+1"]
[Date "2022.03.15"]
[WhiteClock "0:00:24"]
[BlackClock "0:00:24"]

1. d4 d5 2. c4 e6 3. Nf3 a6 4. e3 Nf6 5. Nc3 Nbd7 6. b3 b6 7. Bb2 Bd6 8. cxd5 exd5 9. g3 Bb7 10. Bg2 Qe7 11. O-O h5 12. Rc1 O-O-O 13. h4 Kb8 14. Ng5 Ne4 15. Ncxe4 dxe4 16. d5 f5 17. Ne6 Ne5 18. Nxd8 Qxd8 19. Bxe5 Bxe5 20. Qe2 g5 21. hxg5 Qxg5 22. f4 exf3 23. Qxf3 h4 24. Qxf5 Qxe3+ 25. Qf2 Qh6 26. g4 Qg7 27. Qe2 h3 28. Bf3 Bd6 29. Rce1 Ka7 30. Kh1 h2 31. Bg2 a5 32. Qe6 Rh4 33. Re4 Qg5 34. Qf5 Qd2 35. g5 Rh8 36. g6 Rf8 37. Qxf8 Bxf8 38. Rxf8 Bxd5 39. Rg4 Qc1+ 40. Kxh2 Qh6+ 41. Kg3 Qxf8 42. Bxd5 Qd6+ 43. Kh4 Qxd5 44. g7 Qg8 45. Rg6 Ka6 46. Kg5 Kb5 47. Kh6 Kb4 48. Rf6 Ka3 49. Rf8 Qe6+ 50. Kg5 Qe5+ 51. Kg6 Qg3+ 52. Kf7 Qf4+ 53. Ke7 Qg5+ 54. Kf7 Qh5+ 55. Kf6 Qh6+ 56. Kf7 Qh7 57. Kf6 Kxa2 58. g8=Q Qxg8 59. Rxg8 Kxb3 60. Ke5 c5 61. Rb8 a4 62. Rxb6+ Kc3 63. Kd5 a3 64. Ra6 Kb3 65. Kxc5 a2 66. Kd4 Kb2 67. Rb6+ Kc2 68. Rc6+ Kb2 69. Rb6+ Kc2 70. Ra6 Kb2 71. Kd3 a1=Q 72. Rxa1 Kxa1 1/2-1/2


[Site "https://www.chess.com"]

[Event "Titled Tuesday Blitz March 15 Early 2022"]
[White "Odegov, Artem"]
[Black "Quirke, Jeffrey"]
[WhiteFideId "34183644"]
[BlackFideId "2013029"]
[WhiteElo "2286"]
[BlackElo "2246"]
[Result "1-0"]
[Round "06"]
[TimeControl "180+1"]
[Date "2022.03.15"]
[WhiteClock "0:00:11"]
[BlackClock "0:00:03"]

1. d4 d5 2. c4 c5 3. cxd5 Qxd5 4. Nf3 cxd4 5. Qxd4 Nf6 6. Nc3 Qxd4 7. Nxd4 a6 8. Bf4 Bd7 9. e4 Nc6 10. Nxc6 Bxc6 11. f3 e6 12. Be2 Bc5 13. Rc1 Ba7 14. Bg3 Ke7 15. Bf2 Bxf2+ 16. Kxf2 Rhd8 17. Rhd1 Rxd1 18. Rxd1 Rd8 19. Rxd8 Kxd8 20. Ke3 Kc7 21. Kd4 Nd7 22. Bf1 e5+ 23. Ke3 b5 24. Bd3 Kd6 25. Bc2 Nc5 26. b4 Ne6 27. Ne2 f6 28. Bb3 Nc7 29. a3 Bd7 30. Nc1 Be6 31. Kd3 g5 32. g3 h5 33. Bxe6 Nxe6 34. Nb3 Kc6 35. Ke3 Kd6 36. Na5 Kc7 37. Kd3 Kb6 38. Nb3 Kc6 39. Nc1 Kd6 40. Ne2 Kc6 41. Nc3 Nc7 42. f4 Kd6 43. fxg5 fxg5 44. Nd1 Ne6 45. Ne3 Nd4 46. h3 Ke6 47. g4 h4 48. Nd5 Nf3 49. Nc7+ Kd6 50. Nxa6 Ng1 51. Nc5 Nxh3 52. Ke3 Nf4 53. Kf3 Ne6 54. Nb7+ Kc6 55. Na5+ Kb6 56. Nb3 Nd4+ 57. Nxd4 exd4 58. e5 Kc6 59. a4 h3 60. e6 Kd6 61. axb5 h2 62. Kg2 d3 63. b6 d2 64. b7 d1=Q 65. b8=Q+ Kxe6 66. Qe8+ Kf6 67. Qf8+ Kg6 68. Qf5+ Kh6 69. Qf6+ Kh7 70. Qf7+ Kh6 71. Qh5+ Kg7 72. Qxg5+ Kf7 73. Qf5+ Ke7 74. Kxh2 Qd2+ 75. Kg3 Qxb4 76. Qe5+ Kf7 77. Qd5+ Kg6 78. Qf5+ Kg7 79. Qd7+ Kg6 80. Qc6+ Kg7 81. Qc7+ Kg6 82. Qc2+ Kg7 83. Qf5 Qc3+ 84. Kh4 Qf6+ 85. Qg5+ Qxg5+ 86. Kxg5 1-0


[Site "https://www.chess.com"]

[Event "Titled Tuesday Blitz March 15 Early 2022"]
[White "P., Komal Kishore"]
[Black "Fiorito, Fabian"]
[WhiteFideId "5016703"]
[BlackFideId "100200"]
[WhiteElo "2122"]
[BlackElo "2395"]
[Result "0-1"]
[Round "06"]
[TimeControl "180+1"]
[Date "2022.03.15"]
[WhiteClock "0:00:01"]
[BlackClock "0:00:08"]

1. e4 c6 2. d4 d5 3. exd5 cxd5 4. c4 Nc6 5. Nc3 Nf6 6. Nf3 e6 7. Bf4 Bb4 8. Be2 O-O 9. O-O dxc4 10. Bxc4 Ne7 11. a3 Bxc3 12. bxc3 b6 13. Qd3 Bb7 14. Ne5 Ng6 15. Bg5 Nxe5 16. dxe5 Qxd3 17. Bxd3 Nd7 18. Be7 Rfe8 19. Bd6 Rac8 20. Bb5 Bc6 21. Ba6 Ra8 22. Rfd1 f6 23. f4 Kf7 24. a4 g5 25. fxg5 fxe5 26. a5 Rg8 27. axb6 Nxb6 28. Bd3 Rxg5 29. g3 h5 30. Rf1+ Kg7 31. Rfe1 Nd7 32. Kf2 h4 33. Ra5 hxg3+ 34. hxg3 Rh8 35. Rxa7 Rh2+ 36. Kg1 Rg2+ 37. Kf1 Kf6 38. Rc7 R2xg3 39. Rxc6 Rxd3 40. Bc7 Rf5+ 41. Ke2 Rd5 42. Bd8+ Kf7 43. Rf1 e4 44. Rh1 Ne5 45. Rc7+ Rd7 46. Rxd7+ Nxd7 47. Rh7+ Ke8 48. Bh4 Ne5 49. Re7+ Kf8 50. Rxe6 Rh5 51. Bf2 Kf7 52. Rc6 Nxc6 0-1


[Site "https://www.chess.com"]

[Event "Titled Tuesday Blitz March 15 Early 2022"]
[White "Pajeken, Jakob Leon"]
[Black "Srihari L R"]
[WhiteFideId "12942839"]
[BlackFideId "46617116"]
[WhiteElo "2351"]
[BlackElo "2121"]
[Result "0-1"]
[Round "06"]
[TimeControl "180+1"]
[Date "2022.03.15"]
[WhiteClock "0:00:03"]
[BlackClock "0:01:41"]

1. d4 c5 2. d5 e5 3. e4 d6 4. Bb5+ Nd7 5. a4 g6 6. Na3 a6 7. Be2 Ngf6 8. f3 Be7 9. Bh6 Bf8 10. Bd2 Nh5 11. g3 Be7 12. Bh6 Bg5 13. Bxg5 Qxg5 14. Nc4 Ke7 15. Nh3 Qh6 16. Kf2 f5 17. Qc1 f4 18. g4 Ng7 19. Kg2 g5 20. Nf2 Qf6 21. a5 h5 22. h3 Nf8 23. Nb6 Rb8 24. b4 cxb4 25. c3 b3 26. Ra4 Nd7 27. Rc4 Nc5 28. Rd1 Bd7 29. Qa3 Rhc8 30. Nxc8+ Rxc8 31. Nd3 Bb5 32. Rb4 Bxd3 33. Bxd3 hxg4 34. hxg4 Rh8 35. Rxb3 Qh6 36. Bf1 Qh2# 0-1


[Site "https://www.chess.com"]

[Event "Titled Tuesday Blitz March 15 Early 2022"]
[White "Pakleza, Zbigniew"]
[Black "Jaferian, Koosha"]
[WhiteFideId "1119290"]
[BlackFideId "12507440"]
[WhiteElo "2467"]
[BlackElo "2030"]
[Result "0-1"]
[Round "06"]
[TimeControl "180+1"]
[Date "2022.03.15"]
[WhiteClock "0:00:48"]
[BlackClock "0:00:52"]

1. f3 g6 2. e3 Bg7 3. d3 c5 4. c3 d5 5. b3 Nc6 6. g3 h5 7. h3 h4 8. g4 e5 9. a3 e4 10. dxe4 dxe4 11. Qxd8+ Kxd8 12. f4 Be6 13. Bb2 Bxb3 14. Nd2 Bc2 15. Rh2 Kc7 16. Nc4 Bd3 17. Bxd3 exd3 18. O-O-O b5 19. Nd2 c4 20. a4 a6 21. Ngf3 Nf6 22. e4 Rhe8 23. Re1 Nd7 24. Nxh4 Nc5 25. axb5 axb5 26. Nhf3 Ra2 27. e5 Na4 28. Ne4 Bf8 29. Kb1 Ra8 30. Nd6 Nxb2 31. Nxb5+ Kb6 32. Nfd4 Ra1+ 0-1


[Site "https://www.chess.com"]

[Event "Titled Tuesday Blitz March 15 Early 2022"]
[White "Paravyan, David"]
[Black "Kosteniuk, Alexandra"]
[WhiteFideId "4194985"]
[BlackFideId "4128125"]
[WhiteElo "2569"]
[BlackElo "2469"]
[Result "0-1"]
[Round "06"]
[TimeControl "180+1"]
[Date "2022.03.15"]
[WhiteClock "0:00:09"]
[BlackClock "0:00:20"]

1. e4 e5 2. Nf3 Nc6 3. Nc3 Nf6 4. d4 exd4 5. Nxd4 Bb4 6. Nxc6 bxc6 7. Bd3 O-O 8. O-O d5 9. exd5 cxd5 10. Bg5 Rb8 11. Bxf6 Qxf6 12. Nxd5 Qg5 13. Kh1 Bd6 14. f4 Qh4 15. b3 Bb7 16. Qf3 Bxd5 17. Qxd5 Bxf4 18. Bxh7+ Kh8 19. h3 Qg3 20. Rxf4 Qxf4 21. Bd3 g6 22. Rf1 Qd6 23. Qxd6 cxd6 24. Rf4 Kg7 25. Kh2 f5 26. Ra4 Rb7 27. h4 Kf6 28. Kg3 Re8 29. Kf3 Re5 30. Ra6 Ke7 31. a4 Rc5 32. g3 Rcc7 33. Ra5 Rb4 34. h5 gxh5 35. Rxf5 Rc5 36. Rf4 Rxf4+ 37. Kxf4 Kf6 38. b4 Rg5 39. a5 Rg4+ 40. Kf3 Rxb4 41. a6 Ke5 42. Ke3 Rg4 43. Kf2 d5 44. Be2 Rg5 45. Bd3 d4 46. Kf3 Rg7 47. Kf2 Rf7+ 48. Kg2 Rg7 49. Kh3 Rg4 50. Be2 Re4 51. Bxh5 Re1 52. Bg6 Kf6 53. Bd3 Kg5 54. Bc4 Re3 55. Bd3 Rf3 56. Kg2 Re3 57. Kf2 Kg4 58. Be2+ Kh3 59. Bf1+ Kg4 60. Be2+ Kf5 61. Bd3+ Ke5 62. Kg2 Kd5 63. Kf2 Kc5 64. Kg2 Kb4 65. Kh3 Kc3 66. Kh4 Rxd3 67. cxd3 Kxd3 68. g4 Ke3 69. g5 d3 70. g6 d2 71. g7 d1=Q 72. g8=Q Qh1+ 0-1


[Site "https://www.chess.com"]

[Event "Titled Tuesday Blitz March 15 Early 2022"]
[White "Petersson, Kjell"]
[Black "Rustemov, Alexander"]
[WhiteFideId "1705148"]
[BlackFideId "4119002"]
[WhiteElo "2009"]
[BlackElo "2759"]
[Result "0-1"]
[Round "06"]
[TimeControl "180+1"]
[Date "2022.03.15"]
[WhiteClock "0:00:19"]
[BlackClock "0:00:03"]

1. d4 d5 2. Bf4 Nf6 3. e3 c5 4. c3 Nc6 5. Nd2 Qb6 6. Qb3 c4 7. Qc2 g6 8. e4 e6 9. Ngf3 Nh5 10. Be3 Qc7 11. e5 b5 12. a3 a5 13. Be2 Ng7 14. Bg5 Be7 15. O-O Bxg5 16. Nxg5 h6 17. Nh3 Bd7 18. f4 Rb8 19. Bf3 b4 20. axb4 axb4 21. Ra6 Nf5 22. Rfa1 O-O 23. Nf2 Ncxd4 24. cxd4 Nxd4 25. Qd1 Bb5 26. Ng4 Bxa6 27. Rxa6 c3 28. bxc3 bxc3 29. Nf1 c2 30. Qe1 c1=Q 31. Nxh6+ Kg7 32. Qh4 Nxf3+ 33. gxf3 Q7c5+ 34. Kg2 Rb2+ 35. Kg3 Qf2+ 36. Kg4 Qxh4+ 37. Kxh4 Kxh6 38. h3 Qxf4# 0-1


[Site "https://www.chess.com"]

[Event "Titled Tuesday Blitz March 15 Early 2022"]
[White "Popadic, Dragan"]
[Black "Goryachkina, Aleksandra"]
[WhiteFideId "913650"]
[BlackFideId "4147103"]
[WhiteElo "2222"]
[BlackElo "2426"]
[Result "1/2-1/2"]
[Round "06"]
[TimeControl "180+1"]
[Date "2022.03.15"]
[WhiteClock "0:00:02"]
[BlackClock "0:00:04"]

1. e4 e6 2. Nf3 d5 3. e5 c5 4. b4 b6 5. a3 Bb7 6. c3 d4 7. Bb5+ Nd7 8. cxd4 a6 9. Bxd7+ Qxd7 10. dxc5 bxc5 11. bxc5 Bxc5 12. O-O Ne7 13. d4 Ba7 14. Be3 O-O 15. Nbd2 Nf5 16. Nb3 Rac8 17. Rc1 Bd5 18. Nc5 Bxc5 19. dxc5 Nxe3 20. fxe3 Qe7 21. Qc2 Rc7 22. Nd4 Rfc8 23. c6 Qg5 24. e4 Qxe5 25. exd5 Qxd4+ 26. Kh1 Qxd5 27. Rfd1 Qg5 28. Qe4 h6 29. h3 Qb5 30. a4 Qg5 31. Rc2 g6 32. Rdc1 Qf5 33. Qc4 a5 34. Qb5 Rd8 35. Rc5 Qf2 36. Qxa5 Rd2 37. Rg1 Rc8 38. c7 Rc2 39. Rxc2 Qxc2 40. Ra1 Qxc7 41. Qxc7 Rxc7 42. a5 Kf8 43. a6 Ra7 44. Kg1 Ke7 45. Kf2 Kd6 46. Ke3 Kc5 47. Ke4 Kb5 48. Ke5 Rxa6 49. Rb1+ Kc4 50. Kf6 Ra7 51. Rd1 Kc3 52. g4 Kc2 53. Rd8 Rc7 54. Rh8 h5 55. gxh5 gxh5 56. Rxh5 Kd3 57. Rg5 Kd4 58. h4 e5 59. Rxe5 Rc6+ 60. Kf5 Rh6 61. Re4+ Kd5 62. Rg4 f6 63. Ra4 Kd6 64. Rd4+ Ke7 65. Rd1 Kf8 66. Rd4 Ke7 67. Re4+ Kf7 68. Ra4 Rh5+ 69. Kg4 Kg6 70. Rb4 Re5 71. Rc4 Rd5 72. Rb4 Re5 73. Rc4 Rd5 74. Rb4 Re5 1/2-1/2


[Site "https://www.chess.com"]

[Event "Titled Tuesday Blitz March 15 Early 2022"]
[White "Prohorov, Olexandr"]
[Black "Tasev, Dejan"]
[WhiteFideId "14105578"]
[BlackFideId "936618"]
[WhiteElo "1993"]
[BlackElo "2253"]
[Result "0-1"]
[Round "06"]
[TimeControl "180+1"]
[Date "2022.03.15"]
[WhiteClock "0:00:51"]
[BlackClock "0:00:22"]

1. e4 Nf6 2. e5 Nd5 3. c4 Nb6 4. a4 a5 5. Nc3 d6 6. exd6 exd6 7. d4 Be7 8. Nf3 Bf5 9. b3 O-O 10. Bb2 Nc6 11. Be2 Re8 12. O-O d5 13. c5 Nc8 14. Bd3 Bxd3 15. Qxd3 Bf6 16. Rfe1 N8e7 17. Ne5 Ng6 18. Nxg6 hxg6 19. Nb5 Qd7 20. Kf1 Nb4 21. Qd2 c6 22. Nd6 Rxe1+ 23. Rxe1 Be7 24. Bc3 Bxd6 25. Bxb4 axb4 26. cxd6 Qxd6 27. Qg5 Qxh2 28. Re7 Qh1+ 29. Ke2 Qb1 30. Qe5 Qxb3 31. Rxb7 Qc2+ 32. Ke1 Rf8 33. a5 b3 34. Qe2 Qc1+ 35. Qd1 Re8+ 0-1


[Site "https://www.chess.com"]

[Event "Titled Tuesday Blitz March 15 Early 2022"]
[White "Riazantsev, Alexander"]
[Black "Perez Gormaz, Matias"]
[WhiteFideId "4125029"]
[BlackFideId "3406342"]
[WhiteElo "2595"]
[BlackElo "2327"]
[Result "0-1"]
[Round "06"]
[TimeControl "180+1"]
[Date "2022.03.15"]
[WhiteClock "0:00:03"]
[BlackClock "0:00:07"]

1. d4 d5 2. c4 e6 3. Nc3 a6 4. e3 Nf6 5. b3 b6 6. Bb2 Bb7 7. f4 Nbd7 8. Nf3 Bb4 9. Bd3 Ne4 10. Rc1 O-O 11. O-O Rc8 12. Ne2 Ndf6 13. c5 bxc5 14. a3 Ba5 15. dxc5 c6 16. b4 Bc7 17. Ned4 Re8 18. Ne5 Bb8 19. Qe2 a5 20. Ndf3 axb4 21. axb4 Bc7 22. Ra1 Ra8 23. Nd4 Bxe5 24. fxe5 Nd7 25. Nb3 Rxa1 26. Bxa1 Qg5 27. Na5 Ba8 28. Bxe4 dxe4 29. Qf2 Rf8 30. Qf4 Qd8 31. Rd1 Qc7 32. Qxe4 Nxc5 33. Qd4 Nb7 34. Nc4 c5 35. Qd7 Qxd7 36. Rxd7 cxb4 37. Bd4 b3 38. Nb6 Na5 39. Rc7 h6 40. Bc3 Rb8 41. Na4 Bd5 42. Nb2 Be4 43. Kf2 Nb7 44. Kg3 Nd8 45. Rc4 Bd5 46. Rc5 Ra8 47. Kf4 Nc6 48. e4 Ne7 49. exd5 Nxd5+ 50. Rxd5 exd5 51. Ke3 Ra1 52. Kd4 Rg1 53. g3 Rg2 54. Kxd5 Rxh2 55. Kc4 Rg2 56. Be1 Rxb2 0-1


[Site "https://www.chess.com"]

[Event "Titled Tuesday Blitz March 15 Early 2022"]
[White "Royal, Shreyas"]
[Black "Hernandez Jimenez, Alexander Andres"]
[WhiteFideId "448869"]
[BlackFideId "3900452"]
[WhiteElo "1986"]
[BlackElo "2082"]
[Result "1-0"]
[Round "06"]
[TimeControl "180+1"]
[Date "2022.03.15"]
[WhiteClock "0:02:14"]
[BlackClock "0:00:09"]

1. d4 Nf6 2. c4 e6 3. Nf3 b6 4. g3 Bb7 5. Bg2 c5 6. O-O cxd4 7. Nxd4 Bxg2 8. Kxg2 Qc8 9. b3 Qb7+ 10. Kg1 a6 11. Nc3 d6 12. Re1 Ne4 13. Qc2 Nxc3 14. Qxc3 Nd7 15. Bb2 Rc8 16. Rad1 Be7 17. e4 Nf6 18. e5 dxe5 19. Rxe5 O-O 20. Rde1 Rfd8 21. Nf5 Bf8 22. Nxg7 Bxg7 23. Rg5 e5 24. Qxe5 Kh8 25. Qxf6 1-0


[Site "https://www.chess.com"]

[Event "Titled Tuesday Blitz March 15 Early 2022"]
[White "Sailer, Mike"]
[Black "Fathy, Elameir"]
[WhiteFideId "2012901"]
[BlackFideId "10600396"]
[WhiteElo "2109"]
[BlackElo "2311"]
[Result "0-1"]
[Round "06"]
[TimeControl "180+1"]
[Date "2022.03.15"]
[WhiteClock "0:02:31"]
[BlackClock "0:02:10"]

1. d4 d5 2. Nf3 Nf6 3. Bf4 c5 4. e3 Nc6 5. Nc3 Bg4 6. Be2 cxd4 7. exd4 e6 8. O-O Bd6 9. Bxd6 Qxd6 10. Re1 O-O 11. h3 Bh5 12. Ne5 Bxe2 13. Nxe2 Nxe5 14. dxe5 Qxe5 15. c3 a6 16. Nd4 Qc7 17. Re3 Ne4 18. Qe2 Rad8 19. Rf1 g6 20. f4 e5 21. fxe5 Qxe5 22. c4 Qxd4 0-1


[Site "https://www.chess.com"]

[Event "Titled Tuesday Blitz March 15 Early 2022"]
[White "Samaganova, Aleksandra"]
[Black "Shtyka, Sergey"]
[WhiteFideId "13800221"]
[BlackFideId "4138465"]
[WhiteElo "1859"]
[BlackElo "2014"]
[Result "0-1"]
[Round "06"]
[TimeControl "180+1"]
[Date "2022.03.15"]
[WhiteClock "0:00:01"]
[BlackClock "0:00:24"]

1. c4 c5 2. Nc3 Nc6 3. g3 g6 4. Bg2 Bg7 5. a3 Nf6 6. Rb1 O-O 7. b4 d6 8. Nf3 a5 9. bxc5 dxc5 10. d3 Nd4 11. O-O Bg4 12. Nxd4 cxd4 13. Nd5 Nxd5 14. Bxd5 Rb8 15. Rxb7 Rxb7 16. Bxb7 Qb6 17. Bg2 Rb8 18. h3 Bd7 19. e3 Qb1 20. exd4 Bxd4 21. Be3 Qxd1 22. Rxd1 Bxe3 23. fxe3 Rb3 24. c5 Rxa3 25. c6 Bf5 26. e4 Bc8 27. d4 Rxg3 28. Kh2 Rc3 29. d5 a4 30. Rb1 Kg7 31. Rb8 Ba6 32. Ra8 Bb5 33. Ra5 Rb3 34. e5 a3 35. d6 exd6 36. exd6 Rb2 37. c7 Bd7 38. Rxa3 Rd2 39. Ra6 Kf6 40. Rb6 Ke6 41. Rb8 Rc2 42. Rd8 Kxd6 0-1


[Site "https://www.chess.com"]

[Event "Titled Tuesday Blitz March 15 Early 2022"]
[White "Samunenkov, Ihor"]
[Black "Csonka, Balazs"]
[WhiteFideId "14187086"]
[BlackFideId "742910"]
[WhiteElo "2409"]
[BlackElo "2404"]
[Result "1-0"]
[Round "06"]
[TimeControl "180+1"]
[Date "2022.03.15"]
[WhiteClock "0:00:06"]
[BlackClock "0:00:04"]

1. d4 d5 2. c4 e6 3. Nc3 Bb4 4. e3 Nf6 5. Bd2 O-O 6. Nf3 c5 7. a3 cxd4 8. axb4 dxc3 9. Bxc3 dxc4 10. Bxc4 Qxd1+ 11. Kxd1 Bd7 12. Ke2 Rc8 13. Ne5 Ne4 14. Bd4 a6 15. Nxd7 Nxd7 16. Bd3 Nd6 17. Rhc1 h6 18. g4 Kf8 19. f4 f6 20. h4 Ke7 21. Bc5 Nxc5 22. bxc5 Ne8 23. Be4 Rab8 24. b4 Nc7 25. Rd1 Nb5 26. Rd3 Rd8 27. Rad1 Rxd3 28. Rxd3 b6 29. c6 Rd8 30. Rb3 Nc7 31. Ra3 Kd6 32. Rd3+ Ke7 33. Rc3 Rd6 34. Bf3 e5 35. fxe5 fxe5 36. Be4 Rf6 37. g5 hxg5 38. hxg5 Rd6 39. Kf3 Rd8 40. Kg4 Kd6 41. Rd3+ Ke7 42. Rc3 Rf8 43. Rc2 Ne6 44. Rd2 Rd8 45. Rxd8 Kxd8 46. Kf5 Nc7 47. Kg6 Ne6 48. Bd5 Nxg5 49. Kxg5 Kc7 50. Kf5 Kd6 51. e4 a5 52. bxa5 bxa5 53. Kg6 1-0


[Site "https://www.chess.com"]

[Event "Titled Tuesday Blitz March 15 Early 2022"]
[White "Sanchez, Robert"]
[Black "Dixit, Nikhil"]
[WhiteFideId "2034360"]
[BlackFideId "5059534"]
[WhiteElo "2294"]
[BlackElo "2223"]
[Result "1-0"]
[Round "06"]
[TimeControl "180+1"]
[Date "2022.03.15"]
[WhiteClock "0:00:27"]
[BlackClock "0:00:13"]

1. e4 g6 2. d4 Bg7 3. Nc3 d5 4. e5 c5 5. f4 cxd4 6. Qxd4 e6 7. Nb5 Nc6 8. Qd2 Nge7 9. Nd6+ Kf8 10. Nf3 Nf5 11. Nxf5 exf5 12. Bd3 Be6 13. O-O Kg8 14. Kh1 h5 15. Ng5 Bh6 16. b3 Bxg5 17. fxg5 d4 18. Qf4 h4 19. h3 Rh5 20. Re1 Ne7 21. Be2 Nd5 22. Qxd4 Rxg5 23. Bxg5 Qxg5 24. Bf3 Nf4 25. Rad1 Qg3 26. Qe3 Rc8 27. c4 g5 28. Bxb7 Rb8 29. Qxg3 hxg3 30. Bd5 Kg7 31. Bxe6 fxe6 32. Rd7+ Kg6 33. Rxa7 g4 34. Re3 Kg5 35. Rxg3 Rd8 36. Rg7+ Kh6 37. Rf7 Nh5 38. Kh2 Kg5 39. hxg4 Nxg3 40. Kxg3 Rd3+ 41. Kf2 Kxg4 42. c5 Rd2+ 43. Ke3 Rxa2 44. c6 Rc2 45. c7 Kg3 46. b4 Kxg2 47. b5 Rc5 48. b6 Rxe5+ 49. Kf4 Rb5 50. c8=Q Rb4+ 51. Ke5 Re4+ 52. Kf6 Kf3 53. b7 1-0


[Site "https://www.chess.com"]

[Event "Titled Tuesday Blitz March 15 Early 2022"]
[White "Shailendra, K Bajpai"]
[Black "Gontcharov, Vladislav"]
[WhiteFideId "5014670"]
[BlackFideId "4123492"]
[WhiteElo "2242"]
[BlackElo "2503"]
[Result "0-1"]
[Round "06"]
[TimeControl "180+1"]
[Date "2022.03.15"]
[WhiteClock "0:00:08"]
[BlackClock "0:01:22"]

1. e4 e6 2. d4 d5 3. Nc3 Bb4 4. e5 c5 5. Bd2 cxd4 6. Nb5 Bf8 7. Nxd4 Nc6 8. Nxc6 bxc6 9. c3 Ne7 10. Nf3 Ng6 11. h4 h6 12. Bd3 Bc5 13. Bxg6 fxg6 14. Qc2 O-O 15. Qxg6 Qe8 16. Qxe8 Rxe8 17. Nd4 Bb7 18. Be3 Bf8 19. Nb3 Ba6 20. O-O-O Bc4 21. Kc2 a5 22. Nc1 a4 23. g4 c5 24. h5 Rec8 25. g5 d4 26. Bf4 Bd5 27. Rh3 Be4+ 28. Kd2 Rab8 29. b3 axb3 30. axb3 c4 31. b4 dxc3+ 32. Ke3 Bf5 33. gxh6 Bxh3 34. Rg1 Kh7 35. hxg7 Bxg7 36. Ne2 c2 37. Nd4 Rxb4 38. Nxc2 Rb3+ 39. Ke2 Rb2 0-1


[Site "https://www.chess.com"]

[Event "Titled Tuesday Blitz March 15 Early 2022"]
[White "Shuvalova, Polina"]
[Black "Araujo Filho, Luiz Antonio Coel"]
[WhiteFideId "24171760"]
[BlackFideId "2130661"]
[WhiteElo "2355"]
[BlackElo "2201"]
[Result "1-0"]
[Round "06"]
[TimeControl "180+1"]
[Date "2022.03.15"]
[WhiteClock "0:00:30"]
[BlackClock "0:00:07"]

1. d4 f5 2. g3 Nf6 3. Bg2 g6 4. Nd2 Bg7 5. e4 fxe4 6. Nxe4 O-O 7. Nxf6+ exf6 8. c4 d6 9. Ne2 Nc6 10. O-O f5 11. Be3 Kh8 12. Rc1 a6 13. Qd2 Re8 14. Rfe1 Bd7 15. b3 Qf6 16. Bg5 Qf7 17. h3 Rab8 18. d5 Nd8 19. Nd4 Be5 20. f4 Bf6 21. Rxe8+ Bxe8 22. Re1 Bd7 23. Qe3 Bxg5 24. fxg5 b5 25. cxb5 axb5 26. Qe7 Kg7 27. Qe3 b4 28. Ne6+ Bxe6 29. dxe6 Qe7 30. Qd4+ Kg8 31. Qf6 1-0


[Site "https://www.chess.com"]

[Event "Titled Tuesday Blitz March 15 Early 2022"]
[White "Spitzl, Vinzent"]
[Black "Orlov, Georgi"]
[WhiteFideId "12901253"]
[BlackFideId "2011271"]
[WhiteElo "2160"]
[BlackElo "2544"]
[Result "1-0"]
[Round "06"]
[TimeControl "180+1"]
[Date "2022.03.15"]
[WhiteClock "0:00:08"]
[BlackClock "0:00:34"]

1. e4 d6 2. d4 Nf6 3. Nc3 c6 4. a4 Na6 5. h3 g6 6. Be3 Bg7 7. Nge2 O-O 8. g4 c5 9. Bg2 cxd4 10. Nxd4 Nc5 11. O-O Bd7 12. Qd2 Rc8 13. b3 a6 14. Rad1 Ne6 15. Nxe6 Bxe6 16. Nd5 Bxd5 17. exd5 Nd7 18. c4 a5 19. f4 Nc5 20. Rb1 Qb6 21. Qc2 f5 22. g5 Qc7 23. Kh2 Rfe8 24. Rfe1 Kh8 25. Qd2 e5 26. dxe6 Rxe6 27. Bxc5 Rxe1 28. Bxd6 Rxb1 29. Bxc7 Rxb3 30. Qd7 Rg8 31. Bd5 Ra8 32. Be5 Bxe5 33. fxe5 f4 34. Qf7 Rb2+ 35. Kg1 1-0


[Site "https://www.chess.com"]

[Event "Titled Tuesday Blitz March 15 Early 2022"]
[White "Svane, Rasmus"]
[Black "Tanenbaum, Zachary"]
[WhiteFideId "4657101"]
[BlackFideId "2060850"]
[WhiteElo "2645"]
[BlackElo "2168"]
[Result "1-0"]
[Round "06"]
[TimeControl "180+1"]
[Date "2022.03.15"]
[WhiteClock "0:01:31"]
[BlackClock "0:00:03"]

1. Nf3 d5 2. g3 Nf6 3. Bg2 c6 4. O-O Bf5 5. c4 e6 6. Qb3 Qb6 7. d3 Nbd7 8. cxd5 exd5 9. Qc2 Bd6 10. Nc3 O-O 11. e4 dxe4 12. dxe4 Bg6 13. Be3 Qc7 14. Nh4 Bc5 15. Bf4 Ne5 16. Rac1 Qe7 17. Nf5 Bxf5 18. exf5 Bb6 19. Rfe1 Nfd7 20. Ne4 Rfe8 21. Re2 f6 22. h3 Qf8 23. Rd1 Re7 24. Nd6 Rb8 25. b4 Bc7 26. a3 a5 27. Red2 axb4 28. axb4 Kh8 29. Kh1 Kg8 30. Ne4 Kh8 31. Qb3 Rc8 32. Nc5 Nxc5 33. bxc5 Bb8 34. Qb6 Qe8 35. Rd8 Rxd8 36. Rxd8 Kg8 37. Rxe8+ Rxe8 38. Qxb7 Nf7 1-0


[Site "https://www.chess.com"]

[Event "Titled Tuesday Blitz March 15 Early 2022"]
[White "Tari, Aryan"]
[Black "Molina, Roberto Junio Brito"]
[WhiteFideId "1510045"]
[BlackFideId "2109450"]
[WhiteElo "2567"]
[BlackElo "2432"]
[Result "0-1"]
[Round "06"]
[TimeControl "180+1"]
[Date "2022.03.15"]
[WhiteClock "0:00:01"]
[BlackClock "0:00:35"]

1. e4 c6 2. d4 d5 3. exd5 cxd5 4. Nf3 Nc6 5. Ne5 g6 6. Bb5 Bd7 7. Nxd7 Qxd7 8. O-O Bg7 9. c3 Nf6 10. Re1 O-O 11. Nd2 e6 12. Bd3 Ne8 13. Qf3 Nd6 14. h4 Rae8 15. Qh3 f5 16. Nf3 Ne4 17. h5 Bf6 18. hxg6 hxg6 19. Qh6 Qh7 20. Qxh7+ Kxh7 21. g3 Kg7 22. Kg2 Rh8 23. Bf4 g5 24. Bxe4 gxf4 25. Bd3 fxg3 26. fxg3 Kf7 27. Re3 Reg8 28. Kf2 Rh3 29. Rg1 Ne7 30. Bf1 Rh6 31. Bd3 Ng6 32. Rge1 Nf8 33. c4 Rh3 34. cxd5 exd5 35. Bxf5 Rhxg3 36. Rc3 Rg2+ 37. Kf1 R8g3 38. Ne5+ Bxe5 39. Rxe5 Rg1+ 40. Kf2 R3g2+ 41. Kf3 Rxb2 42. Rxd5 Rf1+ 43. Kg3 Kf6 44. Bd3 Rg1+ 45. Kf3 Ne6 46. Rf5+ Ke7 47. Ke3 Rg3+ 48. Ke4 Rg4+ 49. Ke5 Nxd4 50. Rc7+ Kd8 51. Rff7 Nc6+ 52. Kf5 Rd4 53. Be4 Rf2+ 0-1


[Site "https://www.chess.com"]

[Event "Titled Tuesday Blitz March 15 Early 2022"]
[White "Tay, Junior"]
[Black "Slugin, Sergey"]
[WhiteFideId "5800439"]
[BlackFideId "4122569"]
[WhiteElo "2216"]
[BlackElo "2358"]
[Result "0-1"]
[Round "06"]
[TimeControl "180+1"]
[Date "2022.03.15"]
[WhiteClock "0:00:38"]
[BlackClock "0:00:12"]

1. e4 d5 2. exd5 Qxd5 3. Nc3 Qd8 4. Bc4 Nf6 5. Nf3 Bf5 6. Ne5 e6 7. g4 Qd4 8. Qe2 Nxg4 9. Nf3 Qd8 10. d4 Bb4 11. Bg5 Nf6 12. O-O-O Bxc3 13. bxc3 Nbd7 14. d5 Qe7 15. Kb1 O-O-O 16. Nd4 Bg6 17. dxe6 Nb6 18. Bb3 Rhe8 19. Qb5 h6 20. Bc1 Ne4 21. Bb2 Nxf2 22. Rde1 Nxh1 23. Rxh1 fxe6 24. Bxe6+ Kb8 25. a4 Rxd4 26. cxd4 Qxe6 27. a5 Nc4 28. Bc1 Qe4 29. Rd1 Qxc2+ 30. Ka1 Qxd1 31. Qxc4 Qc2 0-1


[Site "https://www.chess.com"]

[Event "Titled Tuesday Blitz March 15 Early 2022"]
[White "Thavandiran, Shiyam"]
[Black "Koellner, Ruben Gideon"]
[WhiteFideId "2605058"]
[BlackFideId "12993093"]
[WhiteElo "2357"]
[BlackElo "2449"]
[Result "0-1"]
[Round "06"]
[TimeControl "180+1"]
[Date "2022.03.15"]
[WhiteClock "0:00:18"]
[BlackClock "0:01:06"]

1. e4 d6 2. d4 Nf6 3. Nc3 e5 4. Nf3 Nbd7 5. Bc4 Be7 6. O-O c6 7. a4 h6 8. Re1 Qc7 9. b3 Nf8 10. Bb2 Ng6 11. h3 O-O 12. Qd2 b6 13. d5 Bb7 14. dxc6 Bxc6 15. Ba3 Rfd8 16. Rad1 a6 17. Bb2 Rdb8 18. Nd5 Nxd5 19. Bxd5 Bxd5 20. Qxd5 Qxc2 21. Rd2 Qc7 22. Rc1 Qb7 23. Qxb7 Rxb7 24. Rdc2 Bf8 25. Rc7 Raa7 26. Rc8 Nf4 27. Ba3 Ne2+ 28. Kf1 Nxc1 29. Bxd6 Nxb3 30. Rxf8+ Kh7 31. Bxe5 Re7 32. Bb2 Rxe4 33. g4 Rd7 34. g5 Nd2+ 35. Nxd2 Rxd2 36. Bc3 Rd3 0-1


[Site "https://www.chess.com"]